 Dungeon Crawl Stone Soup version 0.21.0-24-g2553a33 (webtiles) character file.

456 Suckerboh the Magician (level 6, -7/32 HPs)
             Began as a Deep Elf Fire Elementalist on Jan 20, 2018.
             Mangled by Menkaure (19 damage)
             ... on level 5 of the Dungeon.
             The game lasted 00:06:14 (3569 turns).

Suckerboh the Magician (Deep Elf Fire Elementalist) Turns: 3569, Time: 00:06:15

Health: -7/32      AC:  5    Str:  5    XL:     6   Next: 77%
Magic:  12/26      EV: 13    Int: 22    God:
Gold:   231        SH:  0    Dex: 15    Spells: 4/17 levels left

rFire    + . .     SeeInvis .   a - +2 spear "Asaq" {protect, rF+ rC+ MP+9} (curse)
rCold    + + .     Gourm    .   (no shield)
rNeg     . . .     Faith    .   w - +1 robe {MR+}
rPois    .         Spirit   .   k - +0 hat
rElec    .         Reflect  .   (no cloak)
rCorr    .         Harm     .   (no gloves)
MR       ++...                  u - +1 pair of boots
Stlth    ++........             (no amulet)
HPRegen  0.10/turn              j - ring of protection from cold
MPRegen  0.20/turn              q - ring of protection from magic

@: very slightly contaminated
A: no striking features
a: no special abilities


You were on level 5 of the Dungeon.
You were hungry.

You visited 1 branch of the dungeon, and saw 5 of its levels.

You collected 231 gold pieces.

Inventory:

Hand Weapons
 a - the cursed +2 spear "Asaq" (weapon) {protect, rF+ rC+ MP+9}
   (You found it on level 4 of the Dungeon)

   It protects the one who uses it against injury (+AC on strike).
   It protects you from fire.
   It protects you from cold.
   It affects your magic capacity (+9).
   It has a curse placed upon it.
 t - a +4 dagger
Armour
 k - a +0 hat (worn)
 u - a +1 pair of boots (worn)
 w - a +1 robe of magic resistance (worn)
Jewellery
 j - a ring of protection from cold (left hand)
 q - a ring of protection from magic (right hand)
 s - an uncursed ring of stealth {unknown}
 A - a cursed amulet of inaccuracy {unknown}
 D - an uncursed ring of resist corrosion {unknown}
Wands
 f - a wand of disintegration (15)
 r - a wand of iceblast (4)
Scrolls
 e - 3 scrolls of identify {unknown}
 g - 3 scrolls of fog {unknown}
 l - 2 scrolls of blinking {unknown}
 n - 4 scrolls of teleportation {unknown}
 o - 3 scrolls of remove curse {unknown}
 y - a scroll of immolation {unknown}
 z - a scroll of enchant armour {unknown}
Potions
 d - 2 potions of might {unknown}
 h - a potion of mutation {unknown}
 i - a potion of brilliance {unknown}
 m - a potion of resistance {unknown}
 p - a potion of curing {unknown}
 v - a potion of heal wounds {unknown}
 x - a potion of berserk rage {unknown}
 B - 4 potions of flight {unknown}
 C - 2 potions of magic {unknown}
Books
 b - a book of Flames

   Spells                             Type                      Level
   a - Flame Tongue                   Conjuration/Fire             1
   b - Throw Flame                    Conjuration/Fire             2
   c - Conjure Flame                  Conjuration/Fire             3
   d - Inner Flame                    Hexes/Fire                   3
   e - Sticky Flame                   Conjuration/Fire             4
   f - Fireball                       Conjuration/Fire             5
Comestibles
 c - 8 rations


   Skills:
 + Level 0.2 Fighting
 + Level 3.2 Dodging
 + Level 3.2 Stealth
 + Level 6.4 Spellcasting
 + Level 3.4 Conjurations
 + Level 5.2 Fire Magic


You had 4 spell levels left.
You knew the following spells:

 Your Spells              Type           Power        Failure   Level  Hunger
a - Flame Tongue          Conj/Fire      ####.        1%          1    None
b - Conjure Flame         Conj/Fire      ####....     4%          3    #......
c - Sticky Flame          Conj/Fire      ####....     14%         4    ###....
d - Fireball              Conj/Fire      ####......   38%         5    #####..


Dungeon Overview and Level Annotations

Branches:
Dungeon (5/15)
 Temple: D:4-7

Altars:
Ashenzari
Dithmenos
Elyvilon
Hepliaklqana
Sif Muna
Yredelemnul

Annotations:
D:5 Menkaure


Message History

Casting: Flame Tongue
Confirm with . or Enter, or press ? or * to list all spells.
Aiming: Sticky Flame
Press: ? - help, Shift-Dir - straight line, f/p - Menkaure
Aim: Menkaure (moderately damaged, fast)
You miscast Sticky Flame.
You are very lightly contaminated with residual magic.
Your skin tingles.
Menkaure calls on the powers of darkness!
Your body is wracked with pain!
Menkaure hits you.
Casting: Sticky Flame
Confirm with . or Enter, or press ? or * to list all spells.
Aiming: Sticky Flame
Press: ? - help, Shift-Dir - straight line, f/p - Menkaure
Aim: Menkaure (moderately damaged, fast)
The sticky flame hits Menkaure.
Menkaure is burned terribly!
Menkaure is heavily damaged.
Menkaure is covered in liquid flames!
Menkaure burns!
Menkaure hits you!!
Ouch! That really hurt!
You die...

### ..# #.#
### #.# ....
####<####
#...##.(.....#
#.....#..##.#
##..#@...# #
#.. ##M..# #..
#.#.# ...
#.#.# #. M....
# ###.##


You could see Menkaure (burning).

Vanquished Creatures
  Sigmund (D:3)
  A howler monkey (D:4)
  Jessica (D:3)
  An iguana (D:4)
  3 worker ants (D:4)
  6 adders
  An adder skeleton (D:4)
  A worm (D:2)
  A dart slug (D:2)
  3 leopard geckos
  3 giant cockroaches
  7 goblins
  9 hobgoblins
  12 jackals
  7 quokkas
  10 bats
  A frilled lizard (D:2)
  5 kobolds
  3 rats
76 creatures vanquished.

Notes
Turn   | Place    | Note
-------+----------+-------------------------------------------
     0 | D:1      | Suckerboh the Deep Elf Fire Elementalist began the quest for the Orb.
     0 | D:1      | Reached XP level 1. HP: 10/10 MP: 6/6
   188 | D:1      | Reached XP level 2. HP: 15/15 MP: 4/8
   653 | D:2      | Reached XP level 3. HP: 19/19 MP: 6/10
   788 | D:2      | Reached skill level 4 in Spellcasting
   931 | D:2      | Found a deep blue altar of Sif Muna.
   958 | D:2      | Reached XP level 4. HP: 24/24 MP: 7/12
   968 | D:2      | Learned a level 3 spell: Conjure Flame
   973 | D:2      | Learned a level 4 spell: Sticky Flame
  1914 | D:3      | Noticed Sigmund
  2246 | D:3      | Found a hazy altar of Hepliaklqana.
  2255 | D:3      | Found a shadowy altar of Dithmenos.
  2294 | D:3      | Killed Sigmund
  2294 | D:3      | Reached skill level 5 in Spellcasting
  2294 | D:3      | Reached skill level 5 in Fire Magic
  2294 | D:3      | Reached XP level 5. HP: 16/28 MP: 1/14
  2294 | D:3      | Reached XP level 6. HP: 19/32 MP: 1/16
  2443 | D:3      | Noticed Jessica
  2462 | D:3      | Found a basalt altar of Yredelemnul.
  2498 | D:3      | Killed Jessica
  2520 | D:3      | Found a white marble altar of Elyvilon.
  2868 | D:4      | Reached skill level 6 in Spellcasting
  3084 | D:4      | Found a shattered altar of Ashenzari.
  3437 | D:4      | Learned a level 5 spell: Fireball
  3545 | D:4      | Got a polished spear
  3549 | D:4      | Identified the cursed +2 spear "Asaq" {protect, rF+ rC+ MP+9} (You found it on level 4 of the Dungeon)
  3562 | D:5      | Entered Level 5 of the Dungeon
  3562 | D:5      | Noticed Menkaure
  3569 | D:5      | Mangled by Menkaure

Skill      XL: |  1  2  3  4  5  6 |
---------------+-------------------+-----
Fire Magic     | 4 5 |  5.2
Spellcasting   | 4 5 6 |  6.4
Conjurations   | 2 3 |  3.4
Dodging        | 3 |  3.2
Stealth        | 3 |  3.2
Fighting       | |  0.2

Action                   |  1- 3 |  4- 6 || total
-------------------------+-------+-------++-------
Melee: Unarmed           |     2 |     5 ||     7
 Cast: Flame Tongue      |    49 |    90 ||   139
       Sticky Flame      |       |     7 ||     7
  Eat: Chunk             |       |     8 ||     8
Armor: Robe              |     3 |    10 ||    13
Dodge: Dodged            |    25 |    31 ||    56
